 Dungeon Crawl Stone Soup version 0.29-a0-284-gf9362112df (webtiles) character file.

Game seed: 3336761755914449573

25 spaghetti the Sneak (level 2, 22/27 HPs)
             Began as a Deep Dwarf Delver on Mar 25, 2022.
             Quit the game on level 4 of the Dungeon.
             The game lasted 00:00:45 (255 turns).

spaghetti the Sneak (Deep Dwarf Delver)              Turns: 255, Time: 00:00:46

Health: 22/27      AC:  3    Str: 15    XL:     2   Next: 82%
Magic:  2/2        EV: 12    Int: 10    God:
Gold:   12         SH:  0    Dex: 14    Spells: 1/1 levels left

rFire   . . .      SeeInvis .   a - +0 short sword {short}
rCold   . . .      Faith    .   (no shield)
rNeg    . . .      Spirit   .   b - +0 leather armour
rPois   .          Reflect  .   (no helmet)
rElec   .          Harm     .   (no cloak)
rCorr   .          Rampage  .   (no gloves)
Will    .....                   (no boots)
Stlth   +++.......              (no amulet)
HPRegen 0.00/turn               (no ring)
MPRegen 0.08/turn               (no ring)

@: no status effects
A: damage resistance, heal wounds, sense surroundings 1, no regeneration
a: Heal Wounds


You were on level 4 of the Dungeon.
You visited 1 branch of the dungeon, and saw 2 of its levels.

You collected 12 gold pieces.


Innate Abilities, Weirdness & Mutations

You are resistant to damage.
You can heal yourself by infusing magical energy.
You passively map a small area around you.
You do not regenerate.


   Skills:
 - Level 2.6 Fighting
 - Level 1.7 Short Blades
 - Level 2.1 Dodging
 + Level 7.1 Stealth


You had one spell level left.
You didn't know any spells.
Your spell library was empty.

Inventory:

Hand Weapons
 a - a +0 short sword (weapon) {short}
Missiles
 h - 36 stones {throwing}
Armour
 b - a +0 leather armour (worn)
Wands
 g - a wand of digging (3)
Scrolls
 c - a scroll of fog
 d - a scroll of magic mapping {!r}
 e - a scroll of fear
Potions
 f - a potion of haste {@q3}

Dungeon Overview and Level Annotations

Branches:
Dungeon (5/15)
 Temple: D:4-7

Altars:

##. #.. , , #.# ,
#.# * #.# , #.####
, * #.##.## ###
#.....## **
#@####.#.#.## *
.##.#s##....##.#
.......#.##.###.##
*
*##.##............#
, .S
*##.####.#.##.# *
## ## #.####.# *
#.# #.# , #.# #.#
#.# #.#


You could see a scorpion and an adder (asleep).


Message History

🤖 Initializing magus.rc ...
Options error: Delay interrupt name "hungry" not recognised. (~/.crawlrc:4761) Options error: Bad monster_list_colour key: strict_neutral (~/.crawlrc:4776) ✅ Successfully initialized magus.rc [v1.9.6] Welcome, spaghetti the Deep Dwarf Delver.
They say the Orb of Zot lies within this dungeon, but they say a lot of things.
Press ? for a list of commands and other information.
Found a stone staircase leading down.
An adder comes into view.
Found a stone staircase leading up.
There is a stone staircase leading up here.
You climb upwards.
Found a stone staircase leading down.
There is a stone staircase leading down here.
A ball python comes into view.
An adder comes into view.
The ball python hisses angrily.
The adder hisses angrily.
You hit the ball python.
You kill the ball python!
The adder bites you.
You barely miss the adder.
A giant cockroach comes into view.
The adder completely misses you.
The giant cockroach moves out of view.
You hit the adder but do no damage. The adder barely misses you.
You hit the adder. The adder barely misses you.
The adder bites you but does no damage.
You hit the adder but do no damage. The adder closely misses you.
You hit the adder. The adder bites you.
You hit the adder.
You kill the adder!
The giant cockroach bites you.
You have reached level 2! 😎 HP[+7] MP[+1]
You now have 27 max hp (+7).
Your hp is fully restored (27).
Your mp is fully restored (2).
You hit the giant cockroach.
The giant cockroach waves its antennae.
The giant cockroach bites you.
You hit the giant cockroach.
The giant cockroach bites you but does no damage.
You hit the giant cockroach.
You kill the giant cockroach!
(D) Dungeon
Where to? (? - help)
There is a stone staircase leading down here.
You climb downwards.
Found a hand axe, 18 gold pieces and a dagger.
Found a stone staircase leading down.
There is a stone staircase leading up here.
There are monsters nearby!
Unknown command.
h - 22 stones {throwing} You see here a +0 dagger {short}.
The jelly quivers.
The orc shouts!
An orc comes into view. It is wielding a +0 flail.
There is a stone staircase leading up here.
You climb upwards.
There is a stone staircase leading down here.
Unknown command.
An adder comes into view.
You see here a +0 dagger {short}.
The helpless adder fails to defend itself.
You impale the adder!!
You kill the adder!
Your Stealth skill increases to level 7!
A worm comes into view.
A worm is nearby!
The helpless worm fails to defend itself.
You puncture the worm! You hit the worm.
You kill the worm!
i - a scroll labelled UNUP CIREAFRIE
As you read the scroll labelled UNUP CIREAFRIE, it crumbles to dust.
You feel strangely unstable.
It was a scroll of teleportation.
Your surroundings suddenly seem different.
You now have 12 gold pieces.
Key pressed, stopping explore.
h - 36 stones {throwing} (gained 14)
A scorpion comes into view.
A scorpion is nearby!
The scorpion stings you.
The scorpion stings you but does no damage. 😕 HP[-5]
You take 5 damage, and now have 22/27 hp.
Unknown command.
Okay, then.
The scorpion attacks as you move away! The scorpion stings you.
An adder comes into view.
Okay, then.
Are you sure you want to abandon this character and quit the game? (Confirm with "yes".)

Skill      XL: |  1  2 |
---------------+-------+-----
Stealth        | 7 |  7.1
Fighting       | |  2.6
Short Blades   | |  1.7
Dodging        | |  2.1

Action                   || total
-------------------------++-------
Melee: Short sword       ||    13
  Use: Scroll            ||     1
 Stab: Sleeping          ||     2
Armor: Leather armour    ||     3
Dodge: Dodged            ||     4

Levels and vault maps discovered:
D:4:      layout_loops_ring
D:5:      minmay_octagon_keep, layout_basic, nicolae_uskayaw_en_pointe,
          minmay_temple_entry_trees, minmay_strange_pillars, kennysheep_nub,
          minmay_misc_feat_iff, st_stairs_9, minmay_misc_feat_tower,
          kb_lookout_dungeons_type

Notes
Turn   | Place    | Note
-------+----------+-------------------------------------------
     0 | D:5      | spaghetti the Deep Dwarf Delver began the quest for the
                  | Orb.
     0 | D:5      | Reached XP level 1. HP: 20/20 MP: 1/1
     0 | D:5      | Noticed a +0 falchion
     0 | D:5      | magus.rc [v1.9.6]
    63 | D:4      | Reached XP level 2. HP: 27/27 MP: 2/2
   154 | D:4      | Reached skill level 7 in Stealth
   236 | D:4      | Noticed a scorpion
   255 | D:4      | Quit the game

Vanquished Creatures
  2 adders (D:4)
  A worm (D:4)
  A ball python (D:4)
  A giant cockroach (D:4)
5 creatures vanquished.

Table legend:
 A = Non-vault XP
 B = Vault XP
 C = Vault XP percentage of total XP
 D = Non-vault monster count
 E = Vault monster count
 F = Vault count percentage of total count
                 A         B        C        D         E       F
            +---------+---------+-------+---------+---------+-------
      Total |      36 |       0 |   0.0 |       5 |       0 |   0.0
            +---------+---------+-------+---------+---------+-------
        D:4 |      36 |       0 |   0.0 |       5 |       0 |   0.0
            +---------+---------+-------+---------+---------+-------

Illustrated notes

Table legend:
 A = Kills in this place as a percentage of kills in entire the game.
 B = Kills by you in this place as a percentage of kills by you in the entire game.
 C = Kills by friends in this place as a percentage of kills by friends in the entire game.
 D = Other kills in this place as a percentage of other kills in the entire game.
 E = Experience gained in this place as a percentage of experience gained in the entire game.
 F = Experience gained in this place divided by the number of levels of this place that you have seen.
                   A       B       C       D       E      F
               +-------+-------+-------+-------+-------+----------------------
         Total | 100.0 | 100.0 |   N/A |   N/A | 100.0 |  18.0
       Dungeon | 100.0 | 100.0 |   N/A |   N/A | 100.0 |  18.0
               +-------+-------+-------+-------+-------+----------------------

Table legend: (Time is in decaauts)
 A = Elapsed time spent in this place.
 B = Non-inter-level travel time spent in this place.
 C = Inter-level travel time spent in this place.
 D = Time resting spent in this place.
 E = Time spent auto-exploring this place.
 F = Levels seen in this place.
 G = Mean time per level.
                   A        B        C        D        E       F      G
               +--------+--------+--------+--------+--------+-----+--------+
         Total |    255 |    247 |      8 |      0 |    178 |   2 |  127.5 |
       Dungeon |    255 |    247 |      8 |      0 |    178 |   2 |  127.5 |
               +--------+--------+--------+--------+--------+-----+--------+

Top non-repeatable levels by time:
     D:4: 149 daAuts
     D:5: 106 daAuts
